 Dungeon Crawl Stone Soup version 0.25.1-2-g60ff931df9 (webtiles) character file.

Game seed: 10501094737945206408

14 hawla the Stinger (level 2, -1/20 HPs)
             Began as a Draconian Venom Mage on Nov 12, 2020.
             Slain by a gnoll
             ... wielding a +0 halberd
              (6 damage)
             ... on level 1 of the Dungeon.
             The game lasted 00:02:44 (520 turns).

hawla the Stinger (Draconian Venom Mage)             Turns: 520, Time: 00:02:45

Health: -1/20      AC:  4    Str: 10    XL:     2   Next: 27%
Magic:  0/5        EV: 12    Int: 15    God:
Gold:   17         SH:  0    Dex: 11    Spells: 2/5 levels left

rFire    . . .     SeeInvis .   (no weapon)
rCold    . . .     Gourm    .   (no shield)
rNeg     . . .     Faith    .   (armour unavailable)
rPois    .         Spirit   .   (helmet restricted)
rElec    .         Reflect  .   (no cloak)
rCorr    .         Harm     .   (no gloves)
MR       .....                  (no boots)
Stlth    ++........             (no amulet)
HPRegen  0.06/turn              (no ring)
MPRegen  0.09/turn              (no ring)

@: no status effects
A: unfitting armour, cold-blooded, AC +4
a: no special abilities


You were on level 1 of the Dungeon.
You were not hungry.

You visited 1 branch of the dungeon, and saw 1 of its levels.

You collected 17 gold pieces.

Inventory:

Missiles
 e - 6 boomerangs (quivered)
Scrolls
 d - 2 scrolls of identify {unknown}
 f - a scroll of fear {unknown}
 g - a scroll of remove curse {unknown}
Potions
 c - a potion of heal wounds {unknown}
Comestibles
 a - 7 chunks of flesh
 b - a ration


   Skills:
 - Level 1.7 Dodging
 - Level 1.7 Stealth
 - Level 2.0 Spellcasting
 + Level 1.7 Transmutations
 + Level 0.2 Air Magic
 + Level 3.3 Poison Magic


You had 2 spell levels left.
You knew the following spells:

 Your Spells              Type           Power        Failure   Level  Hunger
a - Sting                 Tmut/Pois      #...         8%          1    #......
b - Poisonous Vapours     Pois/Air       #.....       16%         2    ###....

Your spell library contained the following spells:

 Spells                   Type           Power        Failure   Level  Hunger
 Ignite Poison            Fire/Tmut/Pois #.......     32%         3    ###....
 Mephitic Cloud           Conj/Pois/Air  #.......     38%         3    ###....
 Olgreb's Toxic Radiance  Pois           ##......     50%         4    #####..


Dungeon Overview and Level Annotations

Branches:
Dungeon (1/15)

Altars:


Innate Abilities, Weirdness & Mutations

Your plain brown scales are hard. (AC +4)
You cannot fit into any form of body armour.
You are cold-blooded and may be slowed by cold attacks.


Message History

You kill the hobgoblin!
The gnoll shouts!
Casting: Poisonous Vapours (safe; 16% risk of failure)
Confirm with . or Enter, or press ? or * to list all spells.
Aiming: Poisonous Vapours (safe; 16% risk of failure)
Press: ? - help, Dir - move target cursor, f - gnoll
Aim: a gnoll, wielding a +0 halberd Poisonous vapours surround the gnoll!
The gnoll is engulfed in poison gas.
The gnoll is poisoned.
The gnoll hits you from afar with a +0 halberd!
Ouch! That really hurt!
* * * LOW HITPOINT WARNING * * *
Casting: Poisonous Vapours (safe; 16% risk of failure)
Confirm with . or Enter, or press ? or * to list all spells.
Aiming: Sting (safe; 8% risk of failure)
Press: ? - help, Shift-Dir - straight line, f/p - gnoll
Aim: a gnoll, wielding a +0 halberd (severely wounded, poisoned)
The sting misses the gnoll.
The gnoll hits you from afar with a +0 halberd.
You die...

#########################
........................
...#..#..#.รท#..#..#..#..#
......g.@................
...#..#..#..#..#..#..#..#
........................
#########################
# # # # #


You could see a gnoll (poisoned).

Vanquished Creatures
  A bat (D:1)
  3 giant cockroaches (D:1)
  2 hobgoblins (D:1)
  A frilled lizard (D:1)
  3 goblins (D:1)
  A kobold (D:1)
  2 rats (D:1)
13 creatures vanquished.

Notes
Turn   | Place    | Note
-------+----------+-------------------------------------------
     0 | D:1      | hawla the Draconian Venom Mage began the quest for the Orb.
     0 | D:1      | Reached XP level 1. HP: 14/14 MP: 3/3
   317 | D:1      | Reached XP level 2. HP: 20/20 MP: 0/5
   330 | D:1      | Learned a level 2 spell: Poisonous Vapours
   520 | D:1      | Slain by a gnoll

Illustrated notes

Levels and vault maps discovered:
D:1:      dpeg_arrival_prison, layout_loops_ring, columned_hall_lemuel

Action                   || total
-------------------------++-------
Melee: Unarmed           ||     2
 Cast: Sting             ||    14
       Poisonous Vapours ||     5
Armor: Skin              ||     1
Dodge: Dodged            ||     5
